 Dungeon Sprint DCSS version 0.29-a0-824-gd827844252 (webtiles) character file.

Game seed: 5148881314900141038

85479 mhtbhm the Skullcrusher (level 15, -4/174 HPs)
             Began as a Minotaur Berserker on July 9, 2022.
             Was the Champion of Trog.
             Killed from afar by Frederick (55 damage)
             ... with a bolt of cold
             ... in the Dungeon (Sprint IX: "|||||||||||||||||||||||||||||").
             The game lasted 00:11:55 (7908 turns).

mhtbhm the Skullcrusher (Minotaur Berserker)        Turns: 7908, Time: 00:11:56

Health: -4/174     AC: 32    Str: 28    XL:     15   Next: 38%
Magic:  14/14      EV: 20    Int:  4    God:    Trog [******]
Gold:   127        SH:  0    Dex: 11    Spells: 14/14 levels left

rFire   . . .      SeeInvis .   a - +5 dire flail (vorpal)
rCold   . . .      Faith    .   (shield currently unavailable)
rNeg    . . .      Spirit   .   b - +2 storm dragon scales
rPois   +          Reflect  .   (helmet restricted)
rElec   +          Harm     .   G - +0 cloak {Will+}
rCorr   .          Rampage  .   E - +1 pair of gloves
Will    ++++.      NoTele   +   t - +1 pair of boots
Stlth   ++........              (no amulet)
HPRegen 1.39/turn               h - +4 ring of evasion
MPRegen 0.14/turn               D - ring of poison resistance

@: strong-willed, on berserk cooldown, regenerating, slowed, very slow
A: horns 2, retaliatory headbutt
a: Renounce Religion, Berserk, Trog's Hand, Brothers in Arms


You were in the Dungeon.
You worshipped Trog.
Trog was exalted by your worship.
You visited 1 branch You collected 1929 gold pieces.
You spent 1802 gold pieces at shops.

Inventory:

Hand Weapons
 a - a +5 vorpal dire flail (weapon)
 e - a +2 sacred scourge of holy wrath
Missiles
 r - 3 boomerangs (quivered)
 C - a throwing net
Armour
 b - +2 storm dragon scales (worn)
 t - a +1 pair of boots (worn)
 E - a +1 pair of gloves (worn)
 G - a +0 cloak of willpower (worn)
Jewellery
 h - a +4 ring of evasion (left hand)
 j - a +4 ring of protection
 q - a ring of positive energy
 w - the ring of Shadows {Umbra +Inv Stlth+}
   (You bought it in a shop in the Dungeon)

   [ring of stealth]

   It surrounds you with an aura of shadow, increasing your stealth and reducing
   the accuracy of all others within it.
   +Inv:      It lets you turn invisible.
   Stlth:     It makes you more stealthy.
 A - a ring of protection from fire
 B - a ring of ice
 D - a ring of poison resistance (right hand)
Wands
 F - a wand of roots (10)
Scrolls
 n - a scroll of silence
 o - 12 scrolls of enchant weapon
 p - 4 scrolls of fear
 u - 4 scrolls of enchant armour
 y - 4 scrolls of identify
Potions
 c - 4 potions of curing
 d - 4 potions of heal wounds
 f - 4 potions of magic
 g - 3 potions of berserk rage
 i - a potion of invisibility
 l - a potion of resistance
 m - 3 potions of might
 v - a potion of lignification
 x - 2 potions of mutation
 z - a potion of ambrosia


   Skills:
 O Level 27 Fighting
 O Level 27 Maces & Flails
 + Level 3.5 Throwing
 O Level 27 Armour
 + Level 19.3 Dodging
 + Level 12.0 Stealth
 + Level 6.7 Evocations


You had 14 spell levels left.
You didn't know any spells.
Your spell library was empty.

Dungeon Overview and Level Annotations

Branches:
Dungeon (1/1)

Altars:
Cheibriados
Dithmenos
Elyvilon
Fedhas
Gozag
Hepliaklqana
Kikubaaqudgha
Makhleb
Nemelex Xobeh
Okawaru
Qazlal
Ru
Sif Muna
Trog
Uskayaw
Vehumet
Wu Jian
Xom
Yredelemnul
Zin
The Shining One
Jiyva
Lugonu

Shops:
D !(**

Annotations:
D Frederick


Innate Abilities, Weirdness & Mutations

You have a pair of horns on your head.
You reflexively headbutt those who attack you in melee.


Message History

The spellforged servitor disappears in a puff of smoke!
Unknown command.
Unknown command.
Press: ? - help, v - describe, . - travel
Here: Frederick, wielding a +1 glaive of pain and wearing a +0 plate armour (severely wounded)
The floor.
Unknown command.
You feel much better.
Frederick gestures at you while chanting.
The lance of force hits you!
* * * LOW HITPOINT WARNING * * *
You are knocked back by the lance of force.
Unknown command.
Your iron troll goes berserk!
Unknown command.
You swap places.
Frederick gestures at you while chanting.
The lance of force hits your iron troll!!!
Your iron troll is knocked back by the lance of force.
Your iron troll collides with you!
* * * LOW HITPOINT WARNING * * *
Your iron troll is moderately wounded.
Unknown command.
You feel much better.
Frederick casts a spell.
Frederick summons a servant imbued with his destructive magic!
Unknown command.
Unknown command.
Okay, then.
You feel much better.
The spellforged servitor points at you and mumbles some strange words.
The bolt of cold hits your iron troll!!
Your iron troll resists.
The bolt of cold misses you. Frederick casts a spell at you.
The bolt of cold misses the spellforged servitor.
The bolt of cold hits your iron troll!
Your iron troll resists.
The bolt of cold hits you!!!
You die...

......................▓
▓▓▓▓▓▓▓▓▓▓▓▓▓▓▓▓▓▓▓▓▓▓▓
...))).)....'.........▓
▓▓▓▓▓▓▓▓▓▓▓▓▓▓▓▓▓▓▓▓▓.▓
.............)))).....▓
▓▓▓▓▓▓▓▓▓▓▓▓▓▓▓▓▓▓▓▓▓▓▓
=..........'..........▓
▓▓▓▓▓▓▓▓▓▓▓▓▓▓▓▓▓▓▓▓▓.▓
§§3o@.§...o@9T..@.....▓
▓▓▓▓▓▓▓▓▓▓▓▓▓▓▓▓▓▓▓▓▓▓▓


You could see Frederick (ally target), a spellforged servitor (summoned), an orc
sorcerer and a friendly iron troll (summoned, berserk).

Vanquished Creatures
  Mennas (D)
  Sojobo (D)
  Boris (D)
  Saint Roka (D)
  Rupert (D)
  3 sphinxes (D)
  2 tengu reavers (D)
  A nagaraja (D)
  Donald (D)
  A frost giant (D)
  An orc warlord (D)
  2 ironbound preservers (D)
  A ghost moth (D)
  A vault warden (D)
  4 very ugly things (D)
  A stone giant (D)
  2 vampire knights (D)
  An eleionoma (D)
  An entropy weaver (D)
  A dire elephant (D)
  A merfolk impaler (D)
  3 yaktaur captains (D)
  Josephine (D)
  An ice dragon (D)
  A great orb of eyes (D)
  Erolcha (D)
  3 hydras (D)
  A spriggan air mage (D)
  6 ironbound frosthearts (D)
  2 centaur warriors (D)
  A merfolk avatar (D)
  2 catoblepae (D)
  4 tengu warriors (D)
  A ghost crab (D)
  2 deep troll shamans (D)
  A radroach (D)
  A naga warrior (D)
  A vampire mage (D)
  An alligator (D)
  A deep troll earth mage (D)
  4 death yaks (D)
  2 shock serpents (D)
  4 orc high priests (D)
  2 spriggan berserkers (D)
  3 pharaoh ants (D)
  A sun moth (D)
  3 spriggan druids (D)
  A swamp dragon (D)
  A naga ritualist (D)
  10 orc knights (D)
  2 ironbound convokers (D)
  A harpy (D)
  A wolf spider (D)
  3 manticores (D)
  4 black mambas (D)
  A moth of wrath (D)
  A guardian serpent (D)
  A water nymph (D)
  3 cane toads (D)
  Joseph (D)
  A naga mage (D)
  A gargoyle (D)
  Psyche (D)
  An efreet (D)
  3 komodo dragons (D)
  2 merfolk (D)
  A wind drake (D)
  2 trolls (D)
  A snapping turtle (D)
  A tyrant leech (D)
  2 blink frogs (D)
  A culicivora (D)
  A wyvern (D)
  4 wraiths (D)
  3 yaks (D)
  A redback (shapeshifter) (D)
  Grum (D)
  A redback (D)
  An acid dragon (D)
  5 water moccasins (D)
  10 orc warriors (D)
  An ogre (D)
  3 wolves (D)
  A centaur (D)
  A bullfrog (D)
  2 scorpions (D)
  A wight (D)
  A killer bee (D)
  A howler monkey (D)
  6 orc priests (D)
  2 jellies (D)
  2 orc wizards (D)
  6 orcs (D)
  A hobgoblin (D)
  2 ball pythons (D)
  A frilled lizard (D)
  A goblin (D)
188 creatures vanquished.

Vanquished Creatures (collateral kills)
  3 very ugly things (D)
  A stone giant (D)
  A great orb of eyes (D)
  A tengu warrior (D)
  A spriggan berserker (D)
  3 orc high priests (D)
  A glowing orange brain (D)
  An orc knight (D)
12 creatures vanquished.

Vanquished Creatures (others)
  A spriggan druid (D)
1 creature vanquished.

Grand Total: 201 creatures vanquished

Notes
Turn   | Place    | Note
-------+----------+-------------------------------------------
     0 | D        | mhtbhm the Minotaur Berserker began the quest for the Orb.
     0 | D        | Reached XP level 1. HP: 19/19 MP: 0/0
    10 | D        | Reached ** piety under Trog
    83 | D        | Noticed a jelly
    83 | D        | Noticed a scorpion
    83 | D        | Noticed a scorpion
    83 | D        | Noticed a howler monkey
    83 | D        | Noticed a jelly
    87 | D        | Killed a jelly
    88 | D        | Reached skill level 5 in Fighting
    88 | D        | Reached XP level 2. HP: 30/30 MP: 1/1
    88 | D        | Reached XP level 3. HP: 37/37 MP: 2/2
    90 | D        | Killed a scorpion
    90 | D        | Reached *** piety under Trog
    91 | D        | Reached XP level 4. HP: 47/47 MP: 3/3
    93 | D        | Killed a scorpion
    94 | D        | Reached XP level 5. HP: 53/53 MP: 4/4
    97 | D        | Reached skill level 5 in Dodging
   274 | D        | Found a snail-covered altar of Cheibriados.
   274 | D        | Found a shadowy altar of Dithmenos.
   274 | D        | Found a white marble altar of Elyvilon.
   274 | D        | Found a blossoming altar of Fedhas.
   274 | D        | Found an opulent altar of Gozag.
   275 | D        | Found a hazy altar of Hepliaklqana.
   276 | D        | Found a viscous altar of Jiyva.
   277 | D        | Found an ancient bone altar of Kikubaaqudgha.
   278 | D        | Found a corrupted altar of Lugonu.
   279 | D        | Found a burning altar of Makhleb.
   280 | D        | Found a sparkling altar of Nemelex Xobeh.
   281 | D        | Found an iron altar of Okawaru.
   282 | D        | Found a stormy altar of Qazlal.
   283 | D        | Found a sacrificial altar of Ru.
   284 | D        | Found a shimmering blue altar of Sif Muna.
   285 | D        | Found a bloodstained altar of Trog.
   286 | D        | Found a hide-covered altar of Uskayaw.
   287 | D        | Found a radiant altar of Vehumet.
   288 | D        | Found an ornate altar of the Wu Jian Council.
   289 | D        | Found a shimmering altar of Xom.
   290 | D        | Found a basalt altar of Yredelemnul.
   291 | D        | Found a glowing silver altar of Zin.
   292 | D        | Found a glowing golden altar of the Shining One.
   335 | D        | Noticed a centaur
   335 | D        | Noticed a wyvern
   335 | D        | Noticed an orc warrior
   338 | D        | Killed a centaur
   339 | D        | Reached skill level 10 in Maces & Flails
   339 | D        | Reached skill level 5 in Armour
   339 | D        | Reached XP level 6. HP: 66/66 MP: 5/5
   339 | D        | Killed a wyvern
   339 | D        | Reached **** piety under Trog
   340 | D        | Reached skill level 10 in Fighting
   343 | D        | Killed an orc warrior
   344 | D        | Reached XP level 7. HP: 74/74 MP: 6/6
   349 | D        | Reached ***** piety under Trog
   445 | D        | Noticed a troll
   445 | D        | Noticed a tengu warrior
   445 | D        | Noticed a four-headed hydra
   445 | D        | Noticed a troll
   445 | D        | Noticed a gargoyle
   449 | D        | Killed a troll
   456 | D        | Killed a tengu warrior
   457 | D        | Reached skill level 15 in Maces & Flails
   457 | D        | Reached XP level 8. HP: 86/86 MP: 7/7
   461 | D        | Killed a four-headed hydra
   461 | D        | Received a gift from Trog
   462 | D        | Reached XP level 9. HP: 96/96 MP: 8/8
   463 | D        | Killed a troll
   467 | D        | Killed a gargoyle
   468 | D        | Reached skill level 15 in Fighting
   686 | D        | Noticed a cane toad
   687 | D        | Noticed a black mamba
   692 | D        | Killed a cane toad
   696 | D        | Noticed a cane toad
   700 | D        | Noticed a komodo dragon
   712 | D        | Killed a black mamba
   713 | D        | Reached skill level 10 in Dodging
   723 | D        | Reached skill level 10 in Armour
   725 | D        | Killed a cane toad
   726 | D        | Reached XP level 10. HP: 74/107 MP: 9/9
   729 | D        | Reached ****** piety under Trog
   996 | D        | Noticed a black mamba
   996 | D        | Noticed a cane toad
   996 | D        | Noticed a six-headed hydra
  1000 | D        | Killed a black mamba
  1003 | D        | Killed a cane toad
  1011 | D        | Killed a six-headed hydra
  1011 | D        | Received a gift from Trog
  1303 | D        | Noticed a death yak
  1303 | D        | Noticed a death yak
  1303 | D        | Noticed a death yak
  1303 | D        | Noticed a catoblepas
  1305 | D        | Noticed a death yak
  1309 | D        | Killed a death yak
  1310 | D        | Noticed a catoblepas
  1313 | D        | Killed a death yak
  1314 | D        | Reached XP level 11. HP: 118/118 MP: 10/10
  1321 | D        | Killed a death yak
  1326 | D        | Killed a catoblepas
  1326 | D        | Received a gift from Trog
  1807 | D        | Killed a death yak
  1825 | D        | Killed a catoblepas
  1982 | D        | Noticed Josephine
  1994 | D        | Killed Josephine
  1995 | D        | Reached skill level 1 in Stealth
  2003 | D        | Identified the +2 flail of the Doomed Warrior {flame, SInv}
                  | (Trog gifted it to you in the Dungeon)
  2003 | D        | Received a gift from Trog
  2060 | D        | Noticed Grum
  2064 | D        | Reached skill level 15 in Armour
  2068 | D        | Killed Grum
  2071 | D        | Received a gift from Trog
  2152 | D        | Noticed Psyche
  2158 | D        | Killed Psyche
  2199 | D        | Noticed an orc knight
  2200 | D        | Received a gift from Trog
  2217 | D        | Killed an orc knight
  2345 | D        | Noticed an orc knight
  2345 | D        | Noticed an orc knight
  2352 | D        | Killed an orc knight
  2357 | D        | Killed an orc knight
  2357 | D        | Received a gift from Trog
  2358 | D        | Noticed an orc high priest
  2372 | D        | Noticed an orc knight
  2385 | D        | Killed an orc high priest
  2396 | D        | Killed an orc knight
  2397 | D        | Received a gift from Trog
  2400 | D        | Reached XP level 12. HP: 65/133 MP: 11/11
  2614 | D        | Found Biqaidum's Distillery.
  2615 | D        | Noticed an orc high priest
  2620 | D        | Noticed an orc high priest
  2629 | D        | Found Vylar's Weapon Shoppe.
  2629 | D        | Noticed an orc high priest
  2652 | D        | Killed an orc high priest
  2653 | D        | Killed an orc high priest
  2653 | D        | Received a gift from Trog
  2655 | D        | Killed an orc high priest
  2947 | D        | Found Ziedes's Assorted Antiques.
  2951 | D        | Found Ogisaxir's General Store.
  2953 | D        | Noticed an orc high priest
  2954 | D        | Noticed an orc high priest
  2956 | D        | Noticed an orc high priest
  2963 | D        | Killed an orc high priest
  2964 | D        | Reached skill level 1 in Evocations
  2968 | D        | Killed an orc high priest
  2988 | D        | Killed an orc high priest
  3028 | D        | Bought a potion of curing for 33 gold pieces
  3028 | D        | Bought 2 potions of heal wounds for 110 gold pieces
  3028 | D        | Bought a potion of might for 44 gold pieces
  3032 | D        | Bought a potion of might for 112 gold pieces
  3032 | D        | Bought a sedimented inky potion for 25 gold pieces
  3032 | D        | Bought a brown potion for 25 gold pieces
  3035 | D        | Bought a scroll of identify for 26 gold pieces
  3037 | D        | Bought a scroll of silence for 97 gold pieces
  3043 | D        | Bought the ring of Shadows {Umbra +Inv Stlth+} for 1120
                  | gold pieces
  3043 | D        | Found the ring of Shadows {Umbra +Inv Stlth+}
  3051 | D        | Bought a scroll of identify for 56 gold pieces
  3051 | D        | Bought a scroll of identify for 56 gold pieces
  3051 | D        | Bought a scroll of fear for 98 gold pieces
  3162 | D        | Noticed Erolcha
  3170 | D        | Killed Erolcha
  3170 | D        | Received a gift from Trog
  3330 | D        | Noticed a seven-headed hydra
  3330 | D        | Noticed a tengu warrior
  3335 | D        | Noticed a tengu warrior
  3339 | D        | Noticed a stone giant
  3341 | D        | Noticed a centaur warrior
  3341 | D        | Noticed a red very ugly thing
  3351 | D        | Killed a seven-headed hydra
  3352 | D        | Reached skill level 5 in Stealth
  3352 | D        | Noticed a sphinx
  3354 | D        | Noticed a green very ugly thing
  3357 | D        | Killed a tengu warrior
  3357 | D        | Received a gift from Trog
  3361 | D        | Killed a stone giant
  3365 | D        | Noticed a death yak
  3365 | D        | Killed a red very ugly thing
  3366 | D        | Killed a tengu warrior
  3367 | D        | Noticed a tengu warrior
  3367 | D        | Noticed a vampire knight
  3371 | D        | Killed a centaur warrior
  3372 | D        | Reached XP level 13. HP: 80/146 MP: 12/12
  3382 | D        | Killed a sphinx
  3394 | D        | Killed a green very ugly thing
  3394 | D        | Received a gift from Trog
  3402 | D        | HP: 2/148 [something (16)]
  3425 | D        | Killed a vampire knight
  3801 | D        | Noticed Rupert
  3811 | D        | Killed Rupert
  3872 | D        | Noticed Donald
  3893 | D        | Killed Donald
  3893 | D        | Received a gift from Trog
  3931 | D        | Noticed Joseph
  3943 | D        | Killed Joseph
  4210 | D        | Noticed an entropy weaver
  4223 | D        | Received a gift from Trog
  4236 | D        | Killed an entropy weaver
  4240 | D        | Reached skill level 1 in Throwing
  4506 | D        | Noticed a nagaraja
  4514 | D        | Killed a nagaraja
  4514 | D        | Received a gift from Trog
  4543 | D        | Received a gift from Trog
  4738 | D        | Noticed a merfolk impaler
  4744 | D        | Killed a merfolk impaler
  4759 | D        | Received a gift from Trog
  4782 | D        | Received a gift from Trog
  4972 | D        | Noticed an eleionoma
  4977 | D        | Reached XP level 14. HP: 163/163 MP: 13/13
  4982 | D        | Received a gift from Trog
  5001 | D        | Received a gift from Trog
  5271 | D        | Noticed a frost giant
  5271 | D        | Noticed a brown very ugly thing
  5282 | D        | Killed a frost giant
  5287 | D        | Killed a brown very ugly thing
  5290 | D        | Noticed a sphinx
  5295 | D        | Reached skill level 27 in Maces & Flails
  5311 | D        | Identified the +2 great mace of Satyriasis {flame, rPois
                  | Dex+4} (Trog gifted it to you in the Dungeon)
  5311 | D        | Received a gift from Trog
  5312 | D        | Noticed a red very ugly thing
  5312 | D        | Noticed a cyan very ugly thing
  5316 | D        | Killed a sphinx
  5326 | D        | Noticed a stone giant
  5330 | D        | Noticed a green very ugly thing
  5331 | D        | Reached skill level 27 in Fighting
  5335 | D        | Killed a cyan very ugly thing
  5335 | D        | Received a gift from Trog
  5339 | D        | Killed a red very ugly thing
  5341 | D        | Killed a stone giant
  5346 | D        | Killed a green very ugly thing
  5459 | D        | Noticed a vampire knight
  5465 | D        | Killed a vampire knight
  5745 | D        | Noticed an orc warlord
  5745 | D        | Noticed an ironbound preserver
  5745 | D        | Noticed a sphinx
  5751 | D        | Killed an orc warlord
  5757 | D        | Killed an ironbound preserver
  5758 | D        | Reached skill level 15 in Dodging
  5760 | D        | Received a gift from Trog
  5771 | D        | Reached skill level 10 in Stealth
  5775 | D        | Killed a sphinx
  5779 | D        | Received a gift from Trog
  6250 | D        | Received a gift from Trog
  6265 | D        | Noticed a cyan very ugly thing
  6282 | D        | Killed a cyan very ugly thing
  6543 | D        | Noticed a vault warden
  6549 | D        | Noticed an ironbound preserver
  6555 | D        | Killed a vault warden
  6564 | D        | Received a gift from Trog
  6568 | D        | Killed an ironbound preserver
  6569 | D        | Reached XP level 15. HP: 109/174 MP: 14/14
  6868 | D        | Noticed a tengu reaver
  6868 | D        | Noticed Sojobo
  6869 | D        | Noticed a tengu reaver
  6873 | D        | Paralysed by an air elemental for 1 turns
  6876 | D        | Killed a tengu reaver
  6877 | D        | Reached skill level 5 in Evocations
  6877 | D        | Paralysed by an air elemental for 1 turns
  6881 | D        | Paralysed by an air elemental for 1 turns
  6887 | D        | Killed Sojobo
  6887 | D        | Received a gift from Trog
  6892 | D        | Killed a tengu reaver
  7116 | D        | Noticed Mennas
  7161 | D        | HP: 4/174 [Mennas/+2 sacred scourge of holy wrath (23)]
  7162 | D        | Killed Mennas
  7162 | D        | Received a gift from Trog
  7163 | D        | Reached skill level 27 in Armour
  7584 | D        | Noticed Boris
  7596 | D        | Killed Boris
  7846 | D        | Noticed Saint Roka
  7854 | D        | Noticed Frederick
  7867 | D        | Killed Saint Roka
  7908 | D        | Killed from afar by Frederick

Illustrated notes

Levels and vault maps discovered:
D:        linesprint [early_d, line_temple, items_1, d_10, items_2, lair_1,
          lair_end, items_3, orc_1, orc_end, items_4, d_15, swamp_1, shoals_1,
          snake_1, spider_1, d_20, vaults_1, items_5, swamp_end, shoals_end,
          snake_end, spider_end, vaults_end, d_27, items_6, zot_1, zot_end,
          crypt_end, forest_end, elf_end, slime_end, tomb_end, abyss_end,
          pan_hell_end]

Skill      XL: |  1  2  3  4  5  6  7  8  9 10 11 12 13 14 15 |
---------------+----------------------------------------------+-----
Fighting       | 5 7 8 9 11 13 14 16 17 20 22 25 27 | 27.0
Maces & Flails | 6 7 8 10 12 15 16 18 20 22 24 26 27 | 27.0
Armour         | 3 4 5 7 8 10 12 16 18 20 25 27 | 27.0
Dodging        | 3 4 5 6 8 9 10 11 12 13 16 19 | 19.3
Stealth        | 2 5 7 10 12 | 12.0
Evocations     | 1 4 6 |  6.7
Throwing       | 2 3 |  3.5

Action                   |  1- 3 |  4- 6 |  7- 9 | 10-12 | 13-15 || total
-------------------------+-------+-------+-------+-------+-------++-------
Melee: Mace              |    16 |     8 |       |       |       ||    24
       Headbutt          |     6 |     1 |     6 |    64 |   109 ||   186
       Dire flail        |       |     5 |    58 |   281 |   431 ||   775
Throw: Boomerang         |       |       |       |       |     3 ||     3
Invok: Berserk           |     1 |     1 |     2 |     8 |    12 ||    24
       Brothers in Arms  |       |       |       |     1 |     5 ||     6
       Trog's Hand       |       |       |       |       |     1 ||     1
Evoke: Wand              |       |       |       |     3 |     9 ||    12
  Use: Scroll            |       |       |       |     3 |     6 ||     9
       Potion            |       |       |       |       |    23 ||    23
 Stab: Invisible         |       |       |       |     3 |     6 ||     9
       Paralysed         |       |       |       |       |     2 ||     2
Armor: Animal skin       |     3 |       |       |       |       ||     3
       Chain mail        |       |       |    14 |    82 |   180 ||   276
       Storm dragon scal |       |       |       |       |     5 ||     5
Dodge: Dodged            |    10 |     4 |    24 |   114 |   173 ||   325

Table legend: (Time is in decaauts)
 A = Elapsed time spent in this place.
 B = Non-inter-level travel time spent in this place.
 C = Inter-level travel time spent in this place.
 D = Time resting spent in this place.
 E = Time spent auto-exploring this place.
 F = Levels seen in this place.
 G = Mean time per level.
                   A        B        C        D        E       F      G
               +--------+--------+--------+--------+--------+-----+--------+
         Total |   7766 |   7766 |      0 |   5000 |    891 |   1 | 7766.0 |
       Dungeon |   7766 |   7766 |      0 |   5000 |    891 |   1 | 7766.0 |
               +--------+--------+--------+--------+--------+-----+--------+

Top non-repeatable levels by time:
       D: 7766 daAuts
